 Dungeon Sprint DCSS version 0.22-a0-274-gf8199ec (webtiles) character file.

991 Kidiri the Covert (level 7, 0/40 HPs)
             Began as a Spriggan Enchanter on Mar 13, 2018.
             Slain by a neqoxec (6 damage)
             ... in the Dungeon (Sprint II: "The Violet Keep of Menkaure").
             The game lasted 00:03:04 (530 turns).

Kidiri the Covert (Spriggan Enchanter)               Turns: 530, Time: 00:03:04

Health: 0/40       AC:  2    Str:  4      XL:     7   Next: 98%
Magic:  2/20       EV: 24    Int: 14 (17) God:
Gold:   729        SH:  0    Dex: 18      Spells: 12/24 levels left

rFire    . . .     SeeInvis +   a - +1 dagger
rCold    . . .     Gourm    .   (shield restricted)
rNeg     . . .     Faith    .   b - +0 robe
rPois    .         Spirit   .   (helmet restricted)
rElec    .         Reflect  .   (no cloak)
rCorr    .         Harm     .   (gloves unavailable)
MR       +....     Rnd*Rage +   (boots unavailable) Stlth +++++.....NoTele +
                                (no amulet)
HPRegen  0.13/turn              (no ring)
MPRegen  0.17/turn              (no ring)

@: very slightly contaminated, hasted, very quick
A: very small, unfitting armour, see invisible, berserk 1, herbivore, speed 3,
slow metabolism 2
a: no special abilities


You were in the Dungeon.
You were not hungry.

You visited 1 branch You collected 729 gold pieces.

Inventory:

Hand Weapons
 a - a +1 dagger (weapon)
Armour
 b - a +0 robe (worn)
Scrolls
 j - a scroll of blinking
Potions
 f - a potion of heal wounds
Comestibles
 d - a ration


   Skills:
 * Level 6.2 Fighting
 * Level 8.2 Short Blades
 + Level 3.8 Armour
 + Level 8.0 Dodging
 * Level 12.1 Stealth
 * Level 9.3 Spellcasting
 + Level 7.3 Hexes


You had 12 spell levels left.
You knew the following spells:

 Your Spells              Type           Power        Failure   Level  Hunger
a - Corona                Hex            ####...      1%          1    None
b - Ensorcelled Hibernat  Hex/Ice        ###...       3%          2    None
c - Confuse               Hex            ####....     1%          3    #......
d - Tukima's Dance        Hex            ####....     1%          3    #......
e - Dazzling Spray        Conj/Hex       ###...       8%          3    #......


Dungeon Overview and Level Annotations

Branches:
Dungeon (1/1)

Altars:


Innate Abilities, Weirdness & Mutations

You are very small and have problems with some larger weapons.
You are too small for most types of armour.
You have supernaturally acute eyesight. (SInv)
You are a herbivore.
You cover ground extremely quickly.
You need to consume almost no food.
You tend to lose your temper in combat.


Message History

There is an open door here.
Casting: Dazzling Spray (safe; 8% risk of failure)
Confirm with . or Enter, or press ? or * to list all spells.
Aiming: Dazzling Spray (safe; 8% risk of failure)
Press: ? - help, Shift-Dir - straight line, f/p - neqoxec
Aim: a neqoxec (lightly wounded)
The spray of energy misses the neqoxec. x2; The neqoxec hits you!
* * * LOW HITPOINT WARNING * * *
The neqoxec barely misses you.
Unknown command.
Casting: Dazzling Spray (safe; 8% risk of failure)
Confirm with . or Enter, or press ? or * to list all spells.
You don't have enough magic to cast that spell.
Unknown command.
Unknown command.
You feel yourself speed up. The neqoxec misses you. The neqoxec hits you.
* * * LOW HITPOINT WARNING * * *
You closely miss the neqoxec. You miss the neqoxec. The neqoxec hits you.
You die...

##+## ##.#.##
#..#..#
####...#### #
#.###'###.## .#
##..##.##.).#..#
+.##'÷<.'.#.+..#
##..##.##...#....#
#.###@###.##......
####.33#### ...§.
#.##..# ≈≈§.. ##
#### ≈≈≈. §§≈≈


You could see 2 neqoxecs.

Vanquished Creatures
  A merfolk siren (D)
  2 neqoxecs (D)
  4 necrophages (D)
  4 worker ants (D)
11 creatures vanquished.

Vanquished Creatures (others)
  Menkaure (D)
  A crocodile (D)
2 creatures vanquished.

Grand Total: 13 creatures vanquished

Notes
Turn   | Place    | Note
-------+----------+-------------------------------------------
     0 | D        | Kidiri the Spriggan Enchanter began the quest for the Orb.
     0 | D        | Reached XP level 1. HP: 9/9 MP: 5/5
     1 | D        | Noticed a worker ant
     1 | D        | Noticed a worker ant
     1 | D        | Noticed a worker ant
     1 | D        | Noticed a worker ant
     4 | D        | Killed a worker ant
     4 | D        | Reached skill level 1 in Fighting
     4 | D        | Reached skill level 5 in Stealth
     4 | D        | Reached XP level 2. HP: 14/14 MP: 5/7
     7 | D        | Reached skill level 1 in Armour
     7 | D        | Reached skill level 6 in Stealth
     7 | D        | Reached XP level 3. HP: 18/18 MP: 5/9
    10 | D        | Reached XP level 4. HP: 23/23 MP: 5/11
    16 | D        | Reached skill level 7 in Stealth
    16 | D        | Reached skill level 5 in Spellcasting
    34 | D        | Killed a crocodile
    51 | D        | Learned a level 3 spell: Confuse
    54 | D        | Learned a level 2 spell: Ensorcelled Hibernation
    58 | D        | Learned a level 3 spell: Tukima's Dance
    62 | D        | Learned a level 3 spell: Dazzling Spray
    75 | D        | Noticed a necrophage
    75 | D        | Noticed a necrophage
    75 | D        | Noticed a necrophage
    75 | D        | Noticed a necrophage
    84 | D        | Killed a necrophage
    84 | D        | Reached skill level 5 in Short Blades
    84 | D        | Reached skill level 5 in Dodging
    84 | D        | Reached skill level 8 in Stealth
    84 | D        | Reached skill level 5 in Hexes
    84 | D        | Reached XP level 5. HP: 28/28 MP: 3/14
    99 | D        | Killed Menkaure
   103 | D        | Killed a necrophage
   103 | D        | Reached skill level 9 in Stealth
   130 | D        | Killed a necrophage
   130 | D        | Reached XP level 6. HP: 20/32 MP: 1/17
   213 | D        | Reached skill level 10 in Stealth
   491 | D        | Noticed a merfolk siren
   494 | D        | Killed a merfolk siren
   494 | D        | Reached skill level 5 in Fighting
   494 | D        | Reached skill level 11 in Stealth
   494 | D        | Reached XP level 7. HP: 39/39 MP: 18/20
   509 | D        | Noticed a neqoxec
   509 | D        | Noticed a neqoxec
   509 | D        | Noticed a neqoxec
   509 | D        | Noticed a neqoxec
   516 | D        | Killed a neqoxec
   517 | D        | Gained mutation: You tend to lose your temper in combat. [a neqoxec]
   523 | D        | Killed a neqoxec
   523 | D        | Reached skill level 12 in Stealth
   530 | D        | Slain by a neqoxec

Vault maps used:
D:        the_violet_keep_of_menkaure

Skill      XL: |  1  2  3  4  5  6  7 |
---------------+----------------------+-----
Fighting       | 1 2 3 4 5 6 |  6.2
Short Blades   | 2 3 5 6 7 8 |  8.2
Stealth        | 5 6 8 9 11 12 | 12.1
Spellcasting   | 3 4 6 7 8 9 |  9.3
Hexes          | 4 5 6 7 |  7.3
Armour         | 1 2 3 |  3.8
Dodging        | 4 5 6 7 8 |  8.0

Action                   |  1- 3 |  4- 6 |  7- 9 || total
-------------------------+-------+-------+-------++-------
Melee: Dagger            |     4 |    73 |    10 ||    87
 Cast: Confuse           |       |    10 |     1 ||    11
       Dazzling Spray    |       |     4 |     4 ||     8
       Corona            |       |     6 |       ||     6
       Ensorcelled Hiber |       |       |     1 ||     1
  Use: Potion            |     1 |     3 |     1 ||     5
 Stab: Sleeping          |     2 |     1 |       ||     3
       Confused          |       |     2 |       ||     2
       Invisible         |       |       |     3 ||     3
Armor: Robe              |     2 |     2 |       ||     4
Dodge: Dodged            |     5 |    53 |    13 ||    71

Table legend:
 A = Spawn XP
 B = Non-spawn XP
 C = Spawn XP percentage of total XP
 D = Spawn monster count
 E = Non-spawn monster count
 F = Spawn count percentage of total count
 G = Total turns spent on level
                    A         B        C        D         E        F      G
               +---------+---------+-------+---------+---------+-------+---------
         Total |       0 |    1416 |   0.0 |       0 |      11 |   0.0 |   530
               +---------+---------+-------+---------+---------+-------+---------
             D |       0 |    1416 |   0.0 |       0 |      11 |   0.0 |   530
               +---------+---------+-------+---------+---------+-------+---------
